 Dungeon Crawl Stone Soup version 0.23.2-40-g277498a001 (webtiles) character file.

Game seed: 15584301027267179206

98 KamiKatze the Conjurer (level 4, 0/25 HPs)
             Began as a Tengu Conjurer on Sept 22, 2019.
             Succumbed to a kobold's poison
             ... on level 2 of the Dungeon.
             The game lasted 00:08:14 (2286 turns).

KamiKatze the Conjurer (Tengu Conjurer)             Turns: 2286, Time: 00:08:15

Health: 0/25       AC:  2    Str: 13    XL:     4   Next: 71%
Magic:  9/9        EV: 13    Int: 21    God:
Gold:   88         SH:  0    Dex: 15    Spells: 2/8 levels left

rFire    . . .     SeeInvis .   s - +0 dagger
rCold    . . .     Gourm    .   (no shield)
rNeg     . . .     Faith    .   a - +0 robe
rPois    .         Spirit   .   (helmet restricted)
rElec    .         Reflect  .   (no cloak)
rCorr    .         Harm     .   (no gloves)
MR       .....                  (boots unavailable)
Stlth    ++........             (no amulet)
HPRegen  0.08/turn              (no ring)
MPRegen  0.11/turn              (no ring)

@: mighty, brilliant, lethally poisoned (0 -> -9)
A: beak, talons 3
a: no special abilities


You were on level 2 of the Dungeon.
You were not hungry.

You visited 1 branch of the dungeon, and saw 3 of its levels.

You collected 88 gold pieces.

Inventory:

Hand Weapons
 f - a +0 short sword
 s - a +0 dagger (weapon)
Armour
 a - a +0 robe (worn)
 e - a +0 leather armour
 o - +0 ice dragon scales
Wands
 p - a wand of polymorph (7)
 q - a wand of acid (6)
Scrolls
 d - a scroll of random uselessness {unknown}
 i - 5 scrolls of remove curse
 j - a scroll of identify {unknown}
 k - a scroll of magic mapping
 l - a scroll of enchant armour {unknown}
Potions
 b - 2 potions of brilliance
 g - a potion of might
 h - a potion of magic
 m - a potion of berserk rage {unknown}
 n - a potion of lignification {unknown}
Comestibles
 c - 4 rations
 r - 10 chunks of flesh


   Skills:
 + Level 1.3 Fighting
 - Level 3.0 Dodging
 - Level 2.0 Stealth
 * Level 2.9 Spellcasting
 * Level 6.1 Conjurations
 + Level 0.4 Hexes


You had 2 spell levels left.
You knew the following spells:

 Your Spells              Type           Power        Failure   Level  Hunger
a - Magic Dart            Conj           ####         1%          1    None
b - Searing Ray           Conj           #####.       1%          2    ##.....
c - Dazzling Spray        Conj/Hex       ####..       1%          3    ###....

Your spell library contained the following spells:

 Spells                   Type           Power        Failure   Level  Hunger
 Iskenderun's Mystic Bla  Conj           #####...     1%          4    ####...
 Force Lance              Conj/Tloc      ####....     4%          4    ####...
 Fulminant Prism          Conj/Hex       ####......   4%          4    ####...


Dungeon Overview and Level Annotations

Branches:
Dungeon (3/15)

Altars:
Gozag
Hepliaklqana
Ru


Innate Abilities, Weirdness & Mutations

You have a beak for a mouth.
You have claws for feet.


Message History

You feel sick.
You feel sick. The orc closely misses you.
You feel sick. The orc hits you.
You feel sick.
You feel sick.
You feel sick.
You feel sick.
It was a potion of brilliance.
You feel clever all of a sudden.
You feel sick. The orc misses you.
Okay, then.
It was a potion of might.
You feel very mighty all of a sudden.
* * * LOW HITPOINT WARNING * * *
You feel sick. The orc barely misses you.
It was a potion of magic.
Magic courses through your body.
* * * LOW HITPOINT WARNING * * *
You feel sick. The orc hits you.
* * * LOW HITPOINT WARNING * * *
You die...

###.## #.# #...##..#.....##
.....# #.# #...#.......###
######## #.# #...###.#...#
.......# #.####.......#...#
######.######......#######.######
#...............#######.......
#.#.#####............#########
#.#.....#.##########.#
#.####.......@.o.# #.#
#....#.....#####.###.#
####.#.....# #.##..#########
#.##.#).# #..............
#.##....# ####.##########
#.#####.# #.....# # #.# #.#
#####.####### #.#####.# #........
#.......# #########


You could see an orc.

Vanquished Creatures
  An orc wizard (D:3)
  3 oozes (D:1)
  A worm (D:2)
  A leopard gecko (D:2)
  4 orcs (D:3)
  2 ball pythons
  2 giant cockroaches (D:1)
  4 goblins
  2 hobgoblins
  7 jackals (D:1)
  7 bats
  5 frilled lizards
  5 kobolds
  6 rats
50 creatures vanquished.

Notes
Turn   | Place    | Note
-------+----------+-------------------------------------------
     0 | D:1      | KamiKatze the Tengu Conjurer began the quest for the Orb.
     0 | D:1      | Reached XP level 1. HP: 10/10 MP: 4/4
   335 | D:1      | Reached XP level 2. HP: 10/15 MP: 3/6
   733 | D:1      | Learned a level 2 spell: Searing Ray
   759 | D:1      | Reached XP level 3. HP: 20/20 MP: 2/7
   764 | D:1      | Learned a level 3 spell: Dazzling Spray
  1325 | D:2      | Reached skill level 1 in Fighting
  1399 | D:2      | Found a hazy altar of Hepliaklqana.
  1677 | D:2      | Found a sacrificial altar of Ru.
  1722 | D:2      | Reached XP level 4. HP: 25/25 MP: 1/8
  2010 | D:3      | Found an opulent altar of Gozag.
  2187 | D:3      | Reached skill level 6 in Conjurations
  2285 | D:2      | HP: 1/25 [orc (5)]
  2286 | D:2      | Succumbed to a kobold's poison

Skill      XL: |  1  2  3  4 |
---------------+-------------+-----
Dodging        | 3 |  3.0
Fighting       | 1 |  1.3
Conjurations   | 6 |  6.1
Stealth        | |  2.0
Spellcasting   | |  2.9
Hexes          | |  0.4

Action                   |  1- 3 |  4- 6 || total
-------------------------+-------+-------++-------
Melee: Short sword       |    21 |     7 ||    28
       Unarmed           |     5 |       ||     5
       Peck              |     4 |       ||     4
       Kick              |     3 |     1 ||     4
       Dagger            |       |     1 ||     1
 Cast: Magic Dart        |    70 |    21 ||    91
       Searing Ray       |       |     2 ||     2
  Use: Potion            |       |     3 ||     3
       Scroll            |       |     2 ||     2
 Stab: Sleeping          |     3 |       ||     3
       Distracted        |     1 |       ||     1
  Eat: Chunk             |     2 |       ||     2
       Ration            |       |     1 ||     1
Armor: Robe              |     9 |     1 ||    10
Dodge: Dodged            |    37 |    10 ||    47
